 Dungeon Crawl Stone Soup version 0.28-a0-802-g09f76e8c00 (webtiles) character file.

Game seed: 10096108262821043943

135 avis the Insei (level 5, -1/36 HPs)
             Began as an Octopode Transmuter on Nov 7, 2021.
             Slain by a gnoll (6 damage)
             ... on level 3 of the Dungeon.
             The game lasted 00:12:16 (2912 turns).

avis the Insei (Octopode Transmuter)                Turns: 2912, Time: 00:12:17

Health: -1/36      AC:  2    Str: 10    XL:     5   Next: 18%
Magic:  8/8        EV: 13    Int: 16    God:
Gold:   99         SH:  0    Dex: 12    Spells: 4/8 levels left

rFire   . . .      SeeInvis .   b - +2 dagger (venom)
rCold   . . .      Faith    .   (no shield)
rNeg    . . .      Spirit   .   f - +1 hat
rPois   .          Reflect  .   (no amulet)
rElec   .          Harm     .   (no ring)
rCorr   .          Rampage  .   (no ring)
Will    .....                   (no ring)
Stlth   ++........              (no ring)
HPRegen 0.12/turn               (no ring)
MPRegen 0.11/turn               (no ring)
                                (no ring)
                                (no ring)

@: no status effects
A: almost no armour, amphibious, 8 rings, camouflage 1, gelatinous body 1,
(nimble swimmer 1), tentacles
a: no special abilities


You were on level 3 of the Dungeon.
You visited 1 branch of the dungeon, and saw 3 of its levels.

You collected 99 gold pieces.

Inventory:

Hand Weapons
 b - a +2 dagger of venom (weapon)
 i - a +0 hunting sling
Missiles
 a - 77 stones
Armour
 f - a +1 hat (worn)
Scrolls
 c - a scroll of immolation {unknown}
 d - 4 scrolls of teleportation {unknown}
 g - a scroll of vulnerability {unknown}
 h - 2 scrolls of identify {unknown}
Potions
 e - a potion of degeneration {unknown}
 j - 2 potions of attraction {unknown}
 k - a potion of cancellation {unknown}


   Skills:
 - Level 3.0 Fighting
 - Level 2.0 Dodging
 * Level 4.8 Unarmed Combat
 - Level 2.0 Spellcasting
 - Level 2.0 Transmutations


You had 4 spell levels left.
You knew the following spells:

 Your Spells              Type           Power      Damage    Failure   Level
a - Beastly Appendage     Tmut           16%        N/A       9%          1
p - Spider Form           Tmut/Pois      4%         N/A       38%         3

Your spell library contained the following spells:

 Spells                   Type           Power      Damage    Failure   Level
 Wereblood                Tmut           8%         N/A       14%         2
 Foxfire                  Conj/Fire      4%         2x1d4     21%         1
 Ozocubu's Armour         Ice            1%         N/A       52%         3
 Ice Form                 Ice/Tmut       4%         N/A       80%         4
 Ozocubu's Refrigeration  Ice            0%         4d5       100%        7


Dungeon Overview and Level Annotations

Branches:
Dungeon (3/15)

Altars:

Shops:
D:1 *


Innate Abilities, Weirdness & Mutations

You cannot wear most types of armour.
You are amphibious.
You can wear up to eight rings at the same time.
Your skin changes colour to match your surroundings (Stealth+).
Your rubbery body absorbs attacks. (AC +1, EV +1)
((You are camouflaged near water. (Stealth+)))
You have tentacles for arms and can constrict up to eight enemies at once.


Message History

The gnoll is lightly wounded.
The gnoll barely misses you.
You closely miss the gnoll. You grab the gnoll.
The gnoll is lightly wounded.
Your tentacle spike disappears.
Your +1 hat unmelds from your body.
You constrict the gnoll. The gnoll barely misses you.
You hit the gnoll.
The gnoll looks as sick as possible!
The gnoll is heavily wounded.
You constrict the gnoll. The gnoll hits you with a +0 whip.
You hit the gnoll.
The gnoll looks as sick as possible!
The gnoll is almost dead.
You constrict the gnoll.
You kill the gnoll!
You see here a +0 whip.
There is a stone staircase leading down here.
You start resting.
HP restored.
Casting: Beastly Appendage (safe; 9% risk of failure)
Confirm with . or Enter, or press ? or * to list all spells.
One of your tentacles grows a vicious spike.
Your +1 hat melds into your body.
You climb downwards.
Your transformation is almost over.
The gnoll throws a stone.
The stone hits you but does no damage.
There is a stone staircase leading up here.
The gnoll hits you from afar with a +0 spear.
The gnoll hits you with a +0 spear. The gnoll barely misses you.
There is a stone staircase leading up here.
You barely miss the gnoll. Your grab misses the gnoll.
Your tentacle spike misses the gnoll.
The gnoll hits you with a +0 spear! x2
You barely miss the gnoll. You grab the gnoll.
You constrict the gnoll, but do no damage.
The gnoll hits you with a +0 spear. The gnoll hits you with a +0 spear!
* * * LOW HITPOINT WARNING * * *
You release your grip on the gnoll.
Your tentacle spike disappears.
Your +1 hat unmelds from your body.
The gnoll hits you from afar with a +0 spear.
You die...

#..........+ ..
#......$...#...
#..........#..
###...........#
#............?#
+..........=..+
#........g....#
###+#####g#...#
.......@.+ ..+
##.#####.# #
#.# ... ....
...... .......
.........


You could see 2 gnolls.

Vanquished Creatures
  Robin (D:2)
  A gnoll (D:2)
  3 adders (D:2)
  A dart slug (D:2)
  3 orcs (D:2)
  8 endoplasms
  4 giant cockroaches (D:1)
  18 goblins
  8 hobgoblins
  6 jackals
  A kobold (D:1)
  2 quokkas
  4 ball pythons
  A bat (D:2)
  A frilled lizard (D:1)
  7 rats
69 creatures vanquished.

Notes
Turn   | Place    | Note
-------+----------+-------------------------------------------
     0 | D:1      | avis the Octopode Transmuter began the quest for the Orb.
     0 | D:1      | Reached XP level 1. HP: 13/13 MP: 3/3
   242 | D:1      | Reached XP level 2. HP: 19/19 MP: 3/5
   288 | D:1      | Found Lychag's Assorted Antiques.
   845 | D:1      | Reached XP level 3. HP: 10/24 MP: 6/6
  1083 | D:1      | Found a faded altar of an unknown god.
  1092 | D:1      | Got Plato's Compendium of the Blaze
  1292 | D:1      | Reached skill level 4 in Unarmed Combat
  1714 | D:2      | Noticed Robin
  1732 | D:2      | Reached XP level 4. HP: 24/30 MP: 5/7
  2224 | D:2      | Learned a level 3 spell: Spider Form
  2358 | D:2      | Killed Robin
  2359 | D:2      | Reached XP level 5. HP: 36/36 MP: 4/8
  2912 | D:3      | Slain by a gnoll

Illustrated notes

Levels and vault maps discovered:
D:1:      denvon_arrival_planthouse, layout_loops_cross, serial_shops, shop,
          shapermc_ecumenical_altar_rom_forum, minmay_misc_feat_five,
          minmay_misc_feat_secret_circle
D:2:      layout_basic, serial_bayou_pond_e, minmay_diced_spiral, uniq_robin
D:3:      minmay_diamond_boxcup, layout_basic

Skill      XL: |  1  2  3  4 |
---------------+-------------+-----
Fighting       | 2 3 |  3.0
Unarmed Combat | 4 |  4.8
Dodging        | |  2.0
Spellcasting   | |  2.0
Transmutations | |  2.0

Action                   |  1- 3 |  4- 6 || total
-------------------------+-------+-------++-------
Melee: Unarmed           |    93 |    27 ||   120
       Kick              |    20 |    11 ||    31
       Constrict         |    23 |    14 ||    37
       Tentacles         |    15 |     8 ||    23
       Punch             |     1 |       ||     1
       Dagger            |       |    35 ||    35
 Cast: Beastly Appendage |    23 |    15 ||    38
       Spider Form       |       |     1 ||     1
 Stab: Sleeping          |     6 |     1 ||     7
Armor: Skin              |     4 |     8 ||    12
Dodge: Dodged            |    52 |    27 ||    79

Table legend: (Time is in decaauts)
 A = Elapsed time spent in this place.
 B = Non-inter-level travel time spent in this place.
 C = Inter-level travel time spent in this place.
 D = Time resting spent in this place.
 E = Time spent auto-exploring this place.
 F = Levels seen in this place.
 G = Mean time per level.
                   A        B        C        D        E       F      G
               +--------+--------+--------+--------+--------+-----+--------+
         Total |   2907 |   2728 |    179 |   1012 |   1074 |   3 |  969.0 |
       Dungeon |   2907 |   2728 |    179 |   1012 |   1074 |   3 |  969.0 |
               +--------+--------+--------+--------+--------+-----+--------+

Top non-repeatable levels by time:
     D:1: 1554 daAuts
     D:2: 1316 daAuts
     D:3: 36 daAuts
